 Dungeon Crawl Stone Soup version 0.21.1-1-g345015f (webtiles) character file.

1356576 microfolk the Imperceptible (level 27, 135/135 HPs)
             Began as a Spriggan Enchanter on June 13, 2018.
             Was the Champion of Dithmenos.
             Escaped with the Orb
             ... and 3 runes!
             The game lasted 06:29:02 (124914 turns).

microfolk the Imperceptible (Spriggan Enchanter)  Turns: 124914, Time: 06:29:02

Health: 135/135    AC: 18    Str: 10      XL:     27
Magic:  42/42      EV: 41    Int: 27      God:    Dithmenos [******]
Gold:   2070       SH:  0    Dex: 25 (26) Spells: 3/54 levels left

rFire    + + +     SeeInvis +   a - +3 quick blade of Eternal Vigilance {pierce, *Slow +Blink rF+++ Str+4}
rCold    + + .     Gourm    .   (shield restricted)
rNeg     . . .     Faith    .   y - +2 robe {rC+ rF+}
rPois    .         Spirit   .   g - +2 hat
rElec    +         Reflect  .   S - +2 cloak {MR+}
rCorr    .         Harm     .   (gloves unavailable)
MR       +++++     Rnd*Tele +   (boots unavailable)
Stlth    ++++++....             d - amulet of Pefeest {Fragile Regen+ Dex+7}
HPRegen  0.72/turn              T - +4 ring of strength
MPRegen  0.28/turn              Y - +6 ring of protection

@: wreathed by umbra, very quick
A: very small, unfitting armour, hooves 1, horns 1, molten scales 1, see
invisible, blink, cold resistance 1, deterioration 1, herbivore, speed 3, frail
1, magic resistance 1, sense surroundings 1, electricity resistance, slow
metabolism 2, teleportitis 1, weak 1, subdued magic 1
0: Orb of Zot
}: 3/15 runes: decaying, serpentine, slimy
a: Blink, Shadow Step, Shadow Form, Renounce Religion, Evoke Blink


You escaped.
You worshipped Dithmenos.
Dithmenos was exalted by your worship.
You were completely stuffed.

You visited 11 branches of the dungeon, and saw 54 of its levels.
You visited 2 bazaars.
You also visited: Ice Cave and Volcano.

You collected 6415 gold pieces.
You spent 4345 gold pieces at shops.

Inventory:

Hand Weapons
 a - the +3 quick blade of Eternal Vigilance (weapon) {pierce, *Slow +Blink rF+++ Str+4}
   (You acquired it on level 4 of the Swamp)

   It inflicts extra damage upon your enemies.
   It affects your strength (+4).
   It renders you almost immune to fire.
   It lets you blink.
   It may slow you when you take damage.
 b - a +9 shortbow of velocity
 W - a +9 rapier of electrocution
Missiles
 B - 1199 arrows
Armour
 g - a +2 hat (worn)
 x - the +2 faerie dragon scales {rCorr Int+4}
   (You took it off the Enchantress on level 2 of the Depths)

   It affects your intelligence (+4).
   It protects you from acid and corrosion.
 y - a +2 robe of resistance (worn)
 S - a +2 cloak of magic resistance (worn)
 U - a +2 troll leather armour
Jewellery
 d - the amulet of Pefeest (around neck) {Fragile Regen+ Dex+7}
   (You bought it in a shop in a bazaar)

   [amulet of regeneration]

   It affects your dexterity (+7).
   It increases your rate of regeneration.
   It will be destroyed if unequipped.
 D - a +6 ring of intelligence
 H - an uncursed ring of protection from cold
 J - an uncursed ring of poison resistance
 Q - an uncursed ring of resist corrosion
 R - the ring of the Cockroach {rF+ SInv Stlth+}
   (You found it on level 1 of the Snake Pit)

   [ring of protection from fire]

   It protects you from fire.
   It lets you see invisible.
   It makes you more stealthy.
 T - a +4 ring of strength (left hand)
 Y - a +6 ring of protection (right hand)
Wands
 f - a wand of paralysis (71)
 C - a wand of digging (12)
 I - a wand of scattershot (4)
 L - a wand of iceblast (28)
 Z - a wand of acid (24)
Scrolls
 e - a scroll of fog
 m - 8 scrolls of teleportation
 n - 9 scrolls of enchant armour
 o - 23 scrolls of remove curse {@r2}
 r - 3 scrolls of blinking
 u - 2 scrolls of magic mapping
 w - 8 scrolls of fear
 F - 2 scrolls of silence
 G - 7 scrolls of identify {@r1}
Potions
 h - 2 potions of might
 i - 7 potions of berserk rage
 j - 8 potions of lignification
 k - 9 potions of flight
 l - 31 potions of curing {@q1}
 p - 8 potions of ambrosia
 t - 5 potions of agility
 v - 9 potions of cancellation
 z - 4 potions of invisibility
 A - 4 potions of heal wounds {@q2}
 E - 5 potions of haste
Miscellaneous
 q - a sack of spiders
 M - a phantom mirror
 X - a lightning rod (4/4)
Comestibles
 c - 7 rations


   Skills:
 + Level 18.0 Fighting
 - Level 14.0 Short Blades
 - Level 14.5 Bows
 - Level 10.0 Armour
 - Level 23.0 Dodging
 - Level 24.0 Stealth
 - Level 14.0 Spellcasting
 * Level 15.2 Conjurations
 - Level 14.0 Hexes
   Level 4.0 Charms
 - Level 9.0 Translocations
 + Level 18.1 Earth Magic
 - Level 10.0 Evocations


You had 3 spell levels left.
You knew the following spells:

 Your Spells              Type           Power        Failure   Level  Hunger
a - Cause Fear            Hex            ######....   1%          4    None
b - Ensorcelled Hibernat  Hex/Ice        #####.       1%          2    None
c - Confuse               Hex            ######..     0%          3    None
d - Dazzling Spray        Conj/Hex       ######       0%          3    None
e - Silence               Hex/Air        #####.....   3%          5    ##.....
f - Blink                 Tloc           N/A          1%          2    None
g - Lee's Rapid Deconstr  Erth           ######....   1%          5    ##.....
h - Invisibility          Hex            ######..     1%          6    ####...
i - Apportation           Tloc           ######       1%          1    None
j - Summon Butterflies    Summ           ##......     1%          1    None
k - Iron Shot             Conj/Erth      ######....   1%          6    ####...
l - Portal Projectile     Hex/Tloc       ######       1%          3    None
m - Yara's Violent Unrav  Hex/Tmut       #####.....   3%          5    ##.....
n - Summon Mana Viper     Hex/Summ       #####...     3%          5    ##.....


Dungeon Overview and Level Annotations

Branches:
Dungeon (15/15)            Temple (1/1) D:5            Lair (6/6) D:10
  Swamp (4/4) Lair:3        Snake (4/4) Lair:3        Slime (5/5) Lair:5
    Orc (2/2) D:12            Elf (3/3) Orc:2        Vaults (4/5) D:14
  Crypt (0/3) Vaults:2     Depths (5/5) D:15            Zot (5/5) Depths:5

Altars:
Ashenzari
Cheibriados
Dithmenos
Elyvilon
Fedhas
Gozag
Hepliaklqana
Kikubaaqudgha
Makhleb
Nemelex Xobeh
Okawaru
Qazlal
Ru
Sif Muna
Trog
Uskayaw
Vehumet
Wu Jian
Xom
Yredelemnul
Zin
The Shining One
Jiyva

Shops:
D:5 [   Orc:1 :   Orc:2 =*[(   Vaults:1 (   Vaults:2 (   Depths:1 ?

Portals:
Hell: Depths:1 Depths:2 Depths:3 Depths:4 Depths:5
Abyss: Depths:2 Depths:4 Depths:5
Pandemonium: Depths:3
Ziggurat: Depths:5

Annotations:
D:9 exclusion: 2 doors
D:11 exclusion: downstairs
Lair:4 exclusions: electric eel and 1 more exclusion
Snake:1 exclusion: downstairs
Elf:2 3 runed doors
Depths:1 exclusion: downstairs
Depths:3 1 runed door, exclusions: door and downstairs
Depths:5 4 runed doors
Zot:3 exclusion: door


Innate Abilities, Weirdness & Mutations

You are very small and have problems with some larger weapons.
You are too small for most types of armour.
You have supernaturally acute eyesight. (SInv)
You are a herbivore.
You cover ground extremely quickly.
You need consume almost no food.
You have large cloven feet.
You have a pair of small horns on your head.
You are partially covered in molten scales. (AC +2)
You can translocate small distances at will.
Your flesh is cold resistant. (rC+)
Your body sometimes deteriorates upon taking damage.
You are frail. (-10% HP)
You are resistant to hostile enchantments. (MR+)
You passively map a small area around you.
You are resistant to electric shocks. (rElec)
You are occasionally teleported next to monsters.
You are weak. (Str -2)
Your spells are a little easier to cast, but a little less powerful.


Message History

(Z) Zot
Where to? (Enter - D:1, ? - help)
You climb upwards.
There is a stone staircase leading down here.
There is a stone staircase leading up here.
You climb upwards.
Magic restored.
There is a stone staircase leading down here.
There is a stone staircase leading up here.
You climb upwards.
There is a stone staircase leading down here.
There is a stone staircase leading up here.
You climb upwards.
There is a stone staircase leading down here.
There is a stone staircase leading up here.
You climb upwards.
There is a stone staircase leading down here.
There is an open door here.
There is an open door here.
There is a staircase leading out of the dungeon here.
You have escaped!

.# #.#.####.# #..# .#
#.#......######..# .#
###.###.>.....[....# .#
#...# #.##.#######.####
.# #.#.#
#.##............. .#
###'###
##########)#..### .#
#####.....##### #.#..#
.####...#.....#...#
#.#..#
....#.8.'..⌠..'.@.#
#.#..#
###.#...#.....#...#
#.#..#
###.#####.....#####
#.#..### ....# ###'###
#.#..... ###.## #...#
#.#)#### #..# #.8.#
#.#.# #..# #...# ###
#.#.## # #..#
#######.#########..#.###
###..###
#....###.....)....###...


There were no monsters in sight!

Vanquished Creatures
  the Royal Jelly (Slime:5)
  6 orbs of fire
  2 ancient liches (Zot:5)
  6 Killer Klowns
  A curse toe (Zot:5)
  A caustic shrike (Depths:4)
  14 golden dragons
  the Enchantress (Depths:2)
  Nikola (Snake:3)
  Jory (Depths:5)
  6 liches
  5 electric golems
  A Brimstone Fiend (D:10)
  Jorgrun (Depths:2)
  A hellephant (Zot:3)
  The ghost of empire the Fencer, an adept MiFi of Cheibriados (Snake:4)
  14 tentacled monstrosities
  22 Orb Guardians
  3 quicksilver dragons
  2 deep elf blademasters (Elf:3)
  2 deep elf master archers (Elf:3)
  29 acid blobs
  8 death cobs
  6 thorn hunters
  10 storm dragons
  4 tengu reavers
  Kirke (Swamp:1)
  Roxanne (D:15)
  9 draconian monks
  5 shadow dragons
  7 nagarajas
  20 azure jellies
  7 fire giants
  8 draconian knights
  An iron dragon (Depths:4)
  Louise (Swamp:1)
  4 ghost moths
  10 vault wardens
  4 frost giants
  6 draconian scorchers
  5 deep elf sorcerers
  A balrug (Depths:5)
  A curse skull (Depths:3)
  4 draconian stormcallers
  3 draconian shifters
  7 ironheart preservers
  29 very ugly things
  Aizul (Swamp:1)
  The ghost of simples the Imperceptible, an adept SpEn of Dithmenos (Swamp:2)
  6 deep elf elementalists (Elf:3)
  23 stone giants
  4 draconian annihilators
  A ghoul (Vaults:4)
  3 spriggan defenders
  2 entropy weavers
  2 vampire knights (Depths:3)
  5 deep elf demonologists
  10 green draconians
  4 deep elf annihilators
  13 black draconians
  The ghost of diana the Zephyrmancer, a journeyman DrCj of Vehumet (D:13)
  12 yellow draconians
  A dire elephant (Zot:3)
  10 white draconians
  2 spark wasps (Depths:4)
  11 purple draconians
  10 red draconians
  A merfolk javelineer (Depths:1)
  7 deep elf death magi
  A jiangshi (Vaults:2)
  9 ettins
  Josephine (Swamp:1)
  12 death oozes
  18 fire dragons
  2 deep elf high priests (Elf:3)
  9 great orbs of eyes
  4 rakshasas
  16 ogre magi
  17 naga warriors
  10 yaktaur captains
  6 vault guards
  17 hydras
  A spriggan air mage (Depths:4)
  17 ice dragons
  3 ghost crabs
  A catoblepas (Lair:6)
  6 alligators
  2 death knights
  Erica (Lair:1)
  40 two-headed ogres
  9 centaur warriors
  20 dancing weapons
  4 satyrs (Depths:2)
  5 anacondas
  7 death yaks
  A satyr (shapeshifter) (Depths:2)
  12 deep troll shamans
  13 deep troll earth magi
  A vampire mage (Vaults:2)
  The ghost of tidbits the Protected, a novice GnWn of Cheibriados (Orc:2)
  10 shock serpents
  4 tengu warriors
  7 spriggan berserkers
  15 naga sharpshooters
  16 deep elf knights
  3 orc high priests (Orc:2)
  4 salamander mystics
  2 sun demons (Depths:5)
  6 soul eaters (Depths:3)
  4 spriggans
  A fire crab (Swamp:4)
  A skeletal warrior (Vaults:2)
  3 shadow wraiths
  A sea snake (shapeshifter) (Vaults:2)
  6 hell knights (Depths:5)
  6 iron trolls
  A sea snake (Snake:4)
  A death drake (shapeshifter) (Depths:2)
  39 deep trolls
  A death drake (Swamp:3)
  2 unseen horrors
  7 naga ritualists
  8 glowing orange brains
  19 ironbrand convokers
  An orange crystal statue (Depths:1)
  7 swamp dragons
  3 lindwurms
  3 shambling mangroves
  A lindwurm (shapeshifter) (Vaults:2)
  10 wizards
  A phantasmal warrior (Swamp:3)
  A flayed ghost (Depths:4)
  3 spectral hydras (Swamp:3)
  The ghost of olivier the Shield-Bearer, a novice GnFi (D:5)
  16 deep elf archers
  18 orc knights
  60 deep elf magi
  5 mana vipers
  5 necromancers
  A salamander (shapeshifter) (Elf:3)
  45 ugly things
  11 cyclopes
  6 fauns (Depths:2)
  5 orc sorcerers
  3 shining eyes
  5 manticores
  18 moths of wrath
  A water nymph (Depths:2)
  5 toenail golems (Volcano)
  26 elephants
  12 salamanders
  2 guardian serpents
  A guardian serpent (shapeshifter) (Depths:3)
  34 naga magi
  Joseph (D:8)
  33 black mambas
  8 centaur zombies
  4 eyes of devastation
  2 ice statues (IceCv)
  A frost giant skeleton (Vaults:2)
  4 gargoyles
  4 molten gargoyles (D:12)
  A spiny frog (shapeshifter) (Vaults:1)
  17 vault sentinels
  13 spiny frogs
  3 swamp worm zombies (Swamp:3)
  35 yaktaurs
  2 kobold demonologists
  2 rime drakes
  5 komodo dragons
  6 freezing wraiths
  7 ice devils (IceCv)
  A komodo dragon (shapeshifter) (D:14)
  3 polar bears
  7 tengu conjurers
  A jumping spider (shapeshifter) (Depths:1)
  5 tyrant leeches
  A harpy skeleton (D:15)
  A wolf spider simulacrum (D:14)
  A hornet (shapeshifter) (Vaults:2)
  15 hornets
  Prince Ribbit (D:7)
  11 trolls
  7 hippogriffs
  4 alligator zombies (Swamp:3)
  A blink frog (shapeshifter) (Vaults:4)
  3 spectral swamp dragons (Swamp:3)
  5 blink frogs (Lair:6)
  A stone giant simulacrum (Vaults:3)
  15 bog bodies
  99 slime creatures
  9 water elementals
  2 yaks (shapeshifter)
  7 air elementals
  A tarantella (Vaults:4)
  A vampire (D:12)
  5 wyverns
  5 shadows
  7 humans
  12 wraiths
  A tarantella (shapeshifter) (Vaults:1)
  A golden eye (shapeshifter) (Elf:1)
  27 yaks
  4 steam dragons (Swamp:4)
  4 fire elementals
  11 golden eyes
  9 basilisks
  A hog (Swamp:1)
  2 tyrant leech zombies (Swamp:3)
  5 hungry ghosts
  26 vampire mosquitoes
  23 swamp worms
  52 nagas
  4 wargs
  2 acid dragons
  12 water moccasins
  7 spiny frog zombies (Swamp:3)
  Duvessa (D:7)
  A large abomination (Swamp:3)
  7 eyes of draining
  12 porcupines
  3 black bears
  31 orc warriors
  10 swamp drakes
  5 sky beasts
  3 ice beasts
  An ettin simulacrum (Vaults:1)
  3 phantoms
  14 wolves
  A wolf (shapeshifter) (Depths:1)
  33 ogres
  3 boggarts (Depths:1)
  An orc skeleton (Vaults:2)
  11 centaurs
  6 crocodiles
  An elf simulacrum (Vaults:1)
  3 big kobolds
  A human zombie (Vaults:2)
  18 bullfrogs
  2 earth elementals
  Dowan (D:7)
  3 scorpions
  A water moccasin zombie (D:10)
  A wyvern skeleton (D:12)
  A spriggan zombie (Swamp:3)
  13 killer bees
  A howler monkey (D:6)
  4 electric eels
  12 crimson imps
  A draconian simulacrum (IceCv)
  4 lava snakes
  4 jellies
  13 orc priests
  12 hounds
  2 bullfrog skeletons
  8 centaur skeletons
  8 iguanas
  15 orc wizards
  4 hell rats
  A spriggan simulacrum (IceCv)
  4 troll simulacra (IceCv)
  16 worker ants
  2 killer bee zombies
  A centaur simulacrum (IceCv)
  A worker ant zombie (D:5)
  A howler monkey zombie (D:7)
  A river rat (D:10)
  15 adders
  An ogre simulacrum (IceCv)
  2 naga simulacra (IceCv)
  6 shadow imps
  An ooze (D:7)
  An adder zombie (D:6)
  An adder skeleton (D:7)
  4 worms
  11 dart slugs
  6 leopard geckos
  86 orcs
  7 bats
  5 giant cockroaches
  5 goblins
  5 hobgoblins
  11 jackals
  2 quokkas
  A ball python (D:1)
  5 frilled lizards
  A giant cockroach zombie (D:5)
  A jackal zombie (D:5)
  13 kobolds
  A leopard gecko skeleton (D:6)
  A quokka skeleton (D:6)
  A quokka zombie (D:5)
  5 rats
  A fungus (Elf:3)
2231 creatures vanquished.

Vanquished Creatures (collateral kills)
  An orb of fire (Zot:5)
  Sojobo (Depths:1)
  A Killer Klown (Zot:3)
  An electric golem (Zot:1)
  4 tentacled monstrosities
  3 Orb Guardians (Zot:5)
  4 acid blobs
  A shadow dragon (Zot:5)
  An azure jelly (Slime:5)
  A black draconian (Zot:4)
  3 death oozes
  An eye of devastation (Slime:5)
  A golden eye (Slime:5)
23 creatures vanquished.

Vanquished Creatures (others)
  A tengu reaver (Depths:2)
  A hydra (Swamp:4)
  A swamp dragon (Swamp:4)
  A deep elf mage (Elf:3)
  A moth of wrath (Zot:5)
  A spriggan (D:11)
  4 swamp drakes (Swamp:4)
  A killer bee (D:11)
  A bullfrog skeleton (D:11)
  An orc wizard (Orc:2)
  6 fungi
  106 plants
  5 withered plants (Swamp:3)
130 creatures vanquished.

Grand Total: 2384 creatures vanquished

Notes
Turn   | Place    | Note
-------+----------+-------------------------------------------
     0 | D:1      | microfolk the Spriggan Enchanter began the quest for the Orb.
     0 | D:1      | Reached XP level 1. HP: 9/9 MP: 5/5
   957 | D:1      | Reached XP level 2. HP: 13/13 MP: 6/6
   961 | D:1      | Learned a level 2 spell: Ensorcelled Hibernation
  1714 | D:2      | Found an ornate altar of the Wu Jian Council.
  1728 | D:2      | Reached XP level 3. HP: 17/17 MP: 8/8
  1933 | D:2      | Reached skill level 5 in Stealth
  2168 | D:2      | Reached skill level 1 in Fighting
  2456 | D:2      | Reached XP level 4. HP: 22/22 MP: 9/9
  2493 | D:2      | Learned a level 3 spell: Confuse
  2518 | D:3      | Found a blossoming altar of Fedhas.
  3236 | D:3      | Reached skill level 5 in Hexes
  3300 | D:3      | Found a bloodstained altar of Trog.
  3330 | D:3      | Reached XP level 5. HP: 25/25 MP: 5/10
  4359 | D:4      | Noticed an ogre
  4835 | D:3      | Reached XP level 6. HP: 30/30 MP: 0/12
  4911 | D:3      | Learned a level 3 spell: Dazzling Spray
  4947 | D:4      | Reached skill level 6 in Stealth
  5063 | D:4      | Reached skill level 5 in Dodging
  5650 | D:5      | Entered Level 5 of the Dungeon
  5655 | D:5      | Learned a level 3 spell: Tukima's Dance
  5744 | D:5      | Found a staircase to the Ecumenical Temple.
  5745 | D:5      | Noticed an ice beast
  5753 | Temple   | Entered the Ecumenical Temple
  5849 | Temple   | Became a worshipper of Dithmenos the Shadowed
  5878 | D:5      | Noticed olivier's ghost (novice GnFi)
  5903 | D:5      | Killed an ice beast
  5903 | D:5      | Reached XP level 7. HP: 28/35 MP: 7/15
  6223 | D:5      | Reached skill level 5 in Spellcasting
  6233 | D:5      | Reached skill level 7 in Stealth
  6308 | D:5      | Got a brightly glowing whip
  6430 | D:5      | Found a hazy altar of Hepliaklqana.
  6588 | D:5      | Found Deatwesomm's Armour Boutique.
  6599 | D:5      | Found a shadowy altar of Dithmenos.
  6894 | D:6      | Found a sacrificial altar of Ru.
  6989 | D:6      | Found an opulent altar of Gozag.
  6999 | D:6      | Reached XP level 8. HP: 39/39 MP: 15/18
  7353 | D:6      | Reached * piety under Dithmenos
  7468 | D:6      | Reached skill level 8 in Stealth
  8138 | D:6      | Identified the +7 whip of Awkwardness {speed, Str+5 Int+2} (You found it on level 5 of the Dungeon)
  8205 | D:7      | Reached skill level 9 in Stealth
  8335 | D:7      | Noticed Dowan
  8338 | D:7      | Noticed Duvessa
  8375 | D:7      | Killed Duvessa
  8383 | D:7      | Killed Dowan
  8632 | D:7      | Noticed Prince Ribbit
  8677 | D:7      | Reached XP level 9. HP: 45/45 MP: 19/19
  8972 | D:7      | Reached ** piety under Dithmenos
  9315 | D:8      | Noticed Joseph
  9479 | D:8      | Reached skill level 10 in Stealth
  9866 | D:8      | Killed Joseph
 10014 | D:8      | Reached skill level 5 in Fighting
 10105 | D:8      | Reached skill level 5 in Short Blades
 10241 | D:8      | Found a sparkling altar of Nemelex Xobeh.
 10309 | D:8      | Got a pitted trident
 10310 | D:8      | Identified the +7 trident of Somewhere Else {pierce, *Contam rF- rC+++ Dex+6} (You found it on level 8 of the Dungeon)
 10361 | D:8      | Gained mutation: You are frail. (-10% HP) [mutagenic glow]
 10720 | D:9      | Reached XP level 10. HP: 45/45 MP: 14/20
 10854 | D:8      | Reached skill level 11 in Stealth
 11105 | D:9      | Reached skill level 10 in Dodging
 11110 | D:9      | Found a shattered altar of Ashenzari.
 11302 | D:9      | Reached *** piety under Dithmenos
 11762 | D:9      | Found a stormy altar of Qazlal.
 12018 | D:9      | Found an iron altar of Okawaru.
 12141 | D:10     | Entered Level 10 of the Dungeon
 12314 | D:10     | Noticed a death yak
 12332 | D:10     | Noticed a death yak
 12335 | D:10     | Noticed a death yak
 12909 | D:10     | Reached skill level 12 in Stealth
 12911 | D:10     | Reached skill level 10 in Hexes
 13308 | D:10     | Found a staircase to the Lair.
 13399 | D:10     | Reached XP level 11. HP: 38/50 MP: 0/21
 13511 | D:10     | Noticed an unseen horror
 13524 | Lair:1   | Entered Level 1 of the Lair of Beasts
 13707 | D:9      | Killed an unseen horror
 14479 | Lair:1   | Reached skill level 13 in Stealth
 14620 | Lair:1   | Noticed a four-headed hydra
 14625 | Lair:1   | Killed a four-headed hydra
 14953 | Lair:1   | Noticed Erica
 14961 | Lair:1   | Killed Erica
 15625 | Lair:2   | Reached skill level 14 in Stealth
 16234 | Lair:2   | Reached XP level 12. HP: 56/56 MP: 19/22
 16639 | Lair:3   | Found a staircase to the Swamp.
 16648 | Lair:3   | Found a frozen archway.
 16662 | IceCv    | Entered an ice cave
 19383 | Lair:3   | Found a staircase to the Snake Pit.
 19403 | Lair:3   | Reached skill level 15 in Stealth
 21403 | Lair:4   | Reached XP level 13. HP: 63/63 MP: 16/23
 21820 | Lair:5   | Found a staircase to the Slime Pits.
 21825 | Lair:5   | Reached skill level 16 in Stealth
 22805 | Lair:5   | Reached skill level 15 in Dodging
 23090 | Lair:5   | Reached skill level 1 in Bows
 23406 | Lair:6   | Entered Level 6 of the Lair of Beasts
 24139 | Lair:6   | Reached **** piety under Dithmenos
 24858 | Lair:6   | Learned a level 2 spell: Blink
 24863 | Lair:6   | Learned a level 4 spell: Passage of Golubria
 25218 | Lair:6   | Reached skill level 5 in Bows
 25223 | Lair:6   | Reached skill level 1 in Translocations
 25339 | Lair:6   | Reached skill level 17 in Stealth
 26123 | D:7      | Killed Prince Ribbit
 26286 | D:11     | Reached XP level 14. HP: 45/68 MP: 10/26
 27466 | D:5      | Killed olivier's ghost
 27508 | D:5      | Bought a +1 cloak of magic resistance for 198 gold pieces
 27713 | D:12     | Found a staircase to the Orcish Mines.
 28694 | D:12     | Reached skill level 10 in Fighting
 29104 | Orc:1    | Entered Level 1 of the Orcish Mines
 29145 | Orc:1    | Reached skill level 5 in Translocations
 29178 | Orc:1    | Found Boygus's Book Boutique.
 29341 | Orc:2    | Entered Level 2 of the Orcish Mines
 29354 | Orc:2    | Found a staircase to the Elven Halls.
 29545 | Orc:2    | Found a dark tunnel.
 29556 | Volcano  | Entered a volcano
 30389 | Orc:2    | Noticed tidbits's ghost (novice GnWn)
 30413 | Orc:2    | Killed tidbits's ghost
 30531 | Orc:2    | Found Cawext's Weapon Shoppe.
 31595 | Orc:2    | Reached skill level 18 in Stealth
 31635 | Orc:2    | Found Ynnunu's Armour Shoppe.
 31637 | Orc:2    | Found Vaukor's Jewellery Boutique.
 31641 | Orc:2    | Found Hyarghox's General Store.
 31664 | Orc:2    | Bought a ration for 50 gold pieces
 32678 | Orc:1    | Bought a book of Party Tricks for 650 gold pieces
 32685 | Orc:1    | Learned a level 6 spell: Invisibility
 32687 | Orc:1    | Learned a level 1 spell: Apportation
 32689 | Orc:1    | Learned a level 1 spell: Summon Butterflies
 32692 | Orc:1    | Bought a book of Debilitation for 520 gold pieces
 32741 | D:13     | Reached skill level 10 in Bows
 33135 | D:13     | Reached XP level 15. HP: 72/72 MP: 21/27
 33338 | D:13     | Noticed diana's ghost (journeyman DrCj)
 33926 | Swamp:1  | Entered Level 1 of the Swamp
 34067 | Swamp:1  | Noticed Aizul
 34070 | Swamp:1  | Killed Aizul
 34092 | Swamp:1  | Noticed Louise
 34097 | Swamp:1  | Killed Louise
 34098 | Swamp:1  | Noticed Josephine
 34114 | Swamp:1  | Killed Josephine
 35351 | Lair:3   | Learned a level 4 spell: Cause Fear
 35623 | Lair:3   | Found a staircase to the Snake Pit.
 36735 | Swamp:2  | Noticed simples's ghost (adept SpEn)
 36930 | Swamp:2  | Noticed Kirke
 38057 | Swamp:2  | Killed simples's ghost
 38191 | Swamp:1  | Killed Kirke
 39122 | Swamp:3  | Noticed a thorn hunter
 39249 | Swamp:3  | Reached skill level 1 in Evocations
 39540 | Swamp:4  | Entered Level 4 of the Swamp
 39570 | Swamp:4  | Reached skill level 19 in Stealth
 39617 | Swamp:4  | Reached ***** piety under Dithmenos
 39720 | Swamp:4  | Reached XP level 16. HP: 78/78 MP: 25/29
 39742 | Swamp:4  | Noticed a thorn hunter
 39841 | Snake:1  | Entered Level 1 of the Snake Pit
 41197 | Snake:1  | Reached skill level 5 in Evocations
 41205 | Snake:1  | Got a clouded tin ring
 41206 | Snake:1  | Identified the ring of the Cockroach {rF+ SInv Stlth+} (You found it on level 1 of the Snake Pit)
 41208 | Snake:1  | Reached XP level 17. HP: 59/81 MP: 30/30
 42066 | Elf:1    | Entered Level 1 of the Elven Halls
 42582 | Elf:1    | Gained mutation: You expend magic power (3 MP) to strengthen your wands. [mutagenic glow]
 44530 | Orc:1    | Bought a book of Changes for 325 gold pieces
 45015 | D:13     | Reached skill level 20 in Stealth
 45312 | D:13     | Killed diana's ghost
 45933 | D:14     | Reached skill level 10 in Evocations
 46083 | D:14     | Reached XP level 18. HP: 87/87 MP: 29/31
 46256 | D:14     | Found a gate to the Vaults.
 47451 | D:15     | Entered Level 15 of the Dungeon
 47504 | D:15     | Noticed Roxanne
 47750 | D:15     | Found a gateway to a bazaar.
 47760 | Bazaar   | Entered a bazaar
 47760 | Bazaar   | Found Eteczenyots's General Store.
 47760 | Bazaar   | Found Roukhly's Jewellery Shoppe.
 47778 | Bazaar   | Found Vakhlap's Antique Armour Boutique.
 47797 | Bazaar   | Found Etaqun's Antique Weapon Emporium.
 47808 | Bazaar   | Found Wiosoch's Distillery.
 47816 | Bazaar   | Bought a potion of cancellation for 72 gold pieces
 47816 | Bazaar   | Bought a potion of heal wounds for 45 gold pieces
 47816 | Bazaar   | Bought a potion of heal wounds for 45 gold pieces
 47816 | Bazaar   | Bought a potion of haste for 90 gold pieces
 47827 | Bazaar   | Bought the amulet of Pefeest {Fragile Regen+ Dex+7} for 414 gold pieces
 47835 | Bazaar   | Bought a scroll of enchant armour for 67 gold pieces
 47835 | Bazaar   | Bought a ration for 45 gold pieces
 47956 | D:15     | Found a staircase to the Depths.
 50650 | Snake:3  | Reached skill level 21 in Stealth
 51642 | Orc:1    | Bought a book of Power for 585 gold pieces
 51650 | Orc:1    | Learned a level 6 spell: Iron Shot
 52222 | Snake:3  | Reached skill level 1 in Earth Magic
 52269 | Snake:3  | Noticed Nikola
 52278 | Snake:3  | Killed Nikola
 52278 | Snake:3  | Reached skill level 1 in Conjurations
 52319 | Snake:4  | Entered Level 4 of the Snake Pit
 52651 | Snake:4  | Identified Sorcery Continued
 53032 | Snake:4  | Noticed empire's ghost (adept MiFi)
 53072 | Snake:4  | Killed empire's ghost
 54502 | Snake:4  | Reached XP level 19. HP: 88/92 MP: 22/33
 55209 | Snake:4  | Got a serpentine rune of Zot
 55833 | Swamp:4  | Reached skill level 5 in Earth Magic
 56221 | Swamp:4  | Identified a scroll of acquirement
 56226 | Swamp:4  | Got a shimmering quick blade
 57166 | Swamp:3  | Got an ichor-stained dagger
 57250 | Swamp:3  | Reached skill level 22 in Stealth
 57373 | Swamp:3  | Found the cursed +13 scythe of Curses {drain, *Curse}
 58044 | Swamp:4  | Got a decaying rune of Zot
 58389 | Vaults:1 | Entered Level 1 of the Vaults
 58448 | Vaults:1 | Identified the +3 quick blade of Eternal Vigilance {pierce, *Slow +Blink rF+++ Str+4} (You acquired it on level 4 of the Swamp)
 59298 | Vaults:1 | Found Tyffeh's Weapon Shop.
 60581 | Vaults:2 | Reached XP level 20. HP: 96/96 MP: 30/34
 60689 | Vaults:2 | Found Hoaf's Antique Weapon Shoppe.
 61373 | Vaults:2 | Reached skill level 23 in Stealth
 61534 | Vaults:2 | Found a staircase to the Crypt.
 62499 | Vaults:3 | Identified the +0 dagger of Kerfluffle {speed, rN+ Str+6} (You found it on level 3 of the Swamp)
 64805 | Vaults:3 | Reached ****** piety under Dithmenos
 65039 | Vaults:3 | Reached skill level 24 in Stealth
 65662 | Vaults:3 | Got a warped hat
 65663 | Vaults:3 | Identified the -5 hat of Starshine {rElec rN+} (You acquired it on level 3 of the Vaults)
 65863 | Vaults:4 | Reached skill level 5 in Conjurations
 65959 | Vaults:4 | Found a flickering gateway to a bazaar.
 65964 | Bazaar   | Entered a bazaar
 65966 | Bazaar   | Found Meaggal's Antique Armour Shop.
 65973 | Bazaar   | Found Yssick's Weapon Shoppe.
 65978 | Bazaar   | Found Sujama's Book Emporium.
 65985 | Bazaar   | Found Duost's Weapon Shop.
 66028 | Bazaar   | Bought a ripped robe for 114 gold pieces
 66028 | Bazaar   | Identified the cursed +0 robe of Ufeiz {MR+ Str+2} (You bought it in a shop in a bazaar)
 66600 | Vaults:4 | Reached XP level 21. HP: 102/102 MP: 30/35
 68699 | D:15     | Killed Roxanne
 68772 | Depths:1 | Entered Level 1 of the Depths
 71518 | Depths:1 | Found a gateway to Hell.
 71639 | Depths:1 | Reached skill level 1 in Armour
 72463 | Depths:1 | Found Foebuer's Magic Scroll Shoppe.
 72598 | Depths:2 | Noticed Jorgrun
 72600 | Depths:2 | Killed Jorgrun
 72688 | Depths:2 | Reached skill level 15 in Fighting
 72694 | Depths:2 | Noticed Sojobo
 73777 | Depths:2 | Found a one-way gate to the infinite horrors of the Abyss.
 73783 | Depths:2 | Reached XP level 22. HP: 107/107 MP: 28/36
 74469 | Depths:2 | Reached skill level 10 in Earth Magic
 75786 | Elf:1    | Reached skill level 10 in Spellcasting
 77337 | Orc:1    | Bought a book of Dreams for 975 gold pieces
 77345 | Orc:1    | Learned a level 5 spell: Silence
 77474 | Elf:2    | Found a runed gate.
 77474 | Elf:2    | Found a runed gate.
 77475 | Elf:2    | Found a runed gate.
 78662 | Elf:3    | Entered Level 3 of the Elven Halls
 79543 | Elf:3    | Found a radiant altar of Vehumet.
 80409 | Snake:1  | Learned a level 3 spell: Portal Projectile
 82956 | Elf:3    | Got a coiled lead ring
 83584 | Elf:3    | Identified the ring of Psychosis {+Fly MR+ Int-5 SInv} (You found it on level 3 of the Elven Halls)
 84621 | Elf:3    | Found a radiant altar of Vehumet.
 88481 | Depths:2 | Noticed the Enchantress
 88483 | Depths:2 | Killed the Enchantress
 88507 | Depths:2 | Reached XP level 23. HP: 112/112 MP: 36/40
 88516 | Depths:2 | Reached skill level 5 in Armour
 88563 | Depths:2 | Got faerie dragon scales
 88575 | Depths:2 | Identified the +2 faerie dragon scales {rCorr Int+4} (You took it off the Enchantress on level 2 of the Depths)
 88607 | Depths:2 | Learned a level 3 spell: Ozocubu's Armour
 88826 | Depths:3 | Reached skill level 1 in Charms
 89395 | Depths:1 | Bought a scroll of enchant weapon for 150 gold pieces
 89537 | Depths:3 | Found a one-way gate leading to the halls of Pandemonium.
 90634 | Depths:3 | Found a runed door.
 92624 | Depths:4 | Got a vibrating glass ring
 92625 | Depths:4 | Identified the ring of Latoj {Ice Int+3} (You acquired it on level 4 of the Depths)
 93760 | Depths:4 | Noticed a caustic shrike
 93763 | Depths:4 | Killed a caustic shrike
 93890 | Depths:4 | Noticed a juggernaut
 94561 | Depths:4 | Reached XP level 24. HP: 107/117 MP: 38/42
 94565 | Depths:4 | Reached skill level 10 in Short Blades
 94751 | Depths:5 | Entered Level 5 of the Depths
 95554 | Depths:5 | Noticed Jory
 95932 | Depths:5 | Killed Jory
 96139 | Depths:5 | Found a gateway to a ziggurat.
 97882 | Depths:5 | Learned a level 5 spell: Summon Mana Viper
 98516 | Depths:5 | Found a runed door.
 98518 | Depths:5 | Found a runed door.
 98518 | Depths:5 | Found a runed door.
 98531 | Depths:5 | Found a runed door.
 98538 | Depths:5 | Found a runed door.
 98538 | Depths:5 | Found a runed door.
 98605 | Depths:5 | Found a gate to the Realm of Zot.
 99312 | Depths:1 | Killed Sojobo
 99312 | Depths:1 | Reached skill level 15 in Earth Magic
 99718 | Slime:1  | Entered Level 1 of the Pits of Slime
102716 | Slime:4  | Gained mutation: Your flesh is cold resistant. (rC+) [a shining eye]
102997 | Slime:3  | Reached XP level 25. HP: 110/121 MP: 16/42
103243 | Slime:5  | Entered Level 5 of the Pits of Slime
103586 | Slime:5  | Gained mutation: You are very frail. (-20% HP) [a shining eye]
103624 | Slime:5  | Lost mutation: You are very frail. (-20% HP) [potion of mutation]
103624 | Slime:5  | Lost mutation: You are frail. (-10% HP) [potion of mutation]
103624 | Slime:5  | Gained mutation: You passively map a small area around you. [potion of mutation]
103624 | Slime:5  | Gained mutation: You are weak. (Str -2) [potion of mutation]
103624 | Slime:5  | Gained mutation: You are resistant to electric shocks. (rElec) [potion of mutation]
103959 | Slime:5  | Noticed the Royal Jelly
104550 | Slime:5  | Found a viscous altar of Jiyva.
105620 | Slime:5  | Killed the Royal Jelly
105629 | Slime:5  | Got a slimy rune of Zot
106810 | Slime:5  | Identified the ring of Xaydy {MR++ MP+9} (You found it on level 5 of the Pits of Slime)
107566 | Zot:1    | Entered Level 1 of the Realm of Zot
107987 | Zot:1    | Reached skill level 10 in Conjurations
110802 | Zot:2    | You fall through a shaft!
111379 | Zot:3    | Reached XP level 26. HP: 141/141 MP: 2/42
112002 | Zot:3    | Reached skill level 10 in Armour
115185 | Zot:5    | Entered Level 5 of the Realm of Zot
115420 | Depths:2 | Learned a level 5 spell: Lee's Rapid Deconstruction
115427 | Depths:2 | Learned a level 5 spell: Yara's Violent Unravelling
117475 | Zot:5    | Noticed an orb of fire
117533 | Zot:4    | Gained mutation: You are very weak. (Str -4) [an orb of fire]
117542 | Zot:4    | Gained mutation: You are occasionally teleported next to monsters. [an orb of fire]
117615 | Zot:3    | Lost mutation: You are very weak. (Str -4) [potion of mutation]
117615 | Zot:3    | Lost mutation: You are occasionally teleported next to monsters. [potion of mutation]
117615 | Zot:3    | Lost mutation: You expend magic power (3 MP) to strengthen your wands. [potion of mutation]
117615 | Zot:3    | Gained mutation: You can translocate small distances at will. [potion of mutation]
117615 | Zot:3    | Gained mutation: You have large cloven feet. [potion of mutation]
117615 | Zot:3    | Gained mutation: You are resistant to hostile enchantments. (MR+) [potion of mutation]
117703 | Zot:5    | Noticed an ancient lich
117734 | Zot:5    | Killed an ancient lich
118547 | Zot:5    | Noticed an orb of fire
118571 | Zot:5    | Killed an orb of fire
118931 | Zot:4    | Gained mutation: Your spells are a little easier to cast, but a little less powerful. [an orb of fire]
118942 | Zot:4    | Gained mutation: You have a pair of small horns on your head. [an orb of fire]
118947 | Zot:4    | Killed an orb of fire
119252 | Zot:5    | Reached XP level 27. HP: 147/147 MP: 20/42
119535 | Zot:5    | Noticed an ancient lich
119564 | Zot:5    | Killed an ancient lich
119709 | Zot:5    | Noticed an orb of fire
119716 | Zot:5    | Gained mutation: You are frail. (-10% HP) [an orb of fire]
119718 | Zot:5    | Gained mutation: You have a pair of horns on your head. [an orb of fire]
119723 | Zot:5    | Gained mutation: You are clumsy. (Dex -2) [an orb of fire]
119729 | Zot:5    | Gained mutation: Your body sometimes deteriorates upon taking damage. [an orb of fire]
119741 | Zot:5    | Killed an orb of fire
121060 | Zot:5    | Noticed an orb of fire
121277 | Zot:5    | Noticed an orb of fire
121728 | Zot:5    | Gained mutation: You are occasionally teleported next to monsters. [an orb of fire]
121753 | Zot:5    | Killed an orb of fire
122128 | Zot:5    | Noticed an orb of fire
122310 | Zot:5    | Noticed an orb of fire
122381 | Zot:5    | Killed an orb of fire
122908 | Zot:5    | Gained mutation: Your spells are easier to cast, but less powerful. [an orb of fire]
122943 | Zot:5    | Killed an orb of fire
123543 | Zot:5    | Gained mutation: You are dopey. (Int -2) [an orb of fire]
123564 | Zot:5    | Killed an orb of fire
123675 | Zot:5    | Reached skill level 15 in Conjurations
123859 | Zot:4    | Lost mutation: You are clumsy. (Dex -2) [potion of mutation]
123859 | Zot:4    | Lost mutation: You are dopey. (Int -2) [potion of mutation]
123859 | Zot:4    | Lost mutation: You have a pair of horns on your head. [potion of mutation]
123859 | Zot:4    | Lost mutation: Your spells are easier to cast, but less powerful. [potion of mutation]
123859 | Zot:4    | Gained mutation: You are partially covered in molten scales. (AC +2) [potion of mutation]
124278 | Zot:5    | Got the Orb of Zot
124491 | Depths:4 | Noticed Siokk the pandemonium lord
124914 | D:$      | Escaped with the Orb!

Skill      XL: |  1  2  3  4  5  6  7  8  9 10 11 12 13 14 15 16 17 18 19 20 21 22 23 24 25 26 27 |
---------------+----------------------------------------------------------------------------------+-----
Hexes          | 4 5 6 7 8 10 11 12 13 14 | 14.0
Stealth        | 5 6 7 9 10 12 14 15 17 18 19 20 21 22 24 | 24.0
Fighting       | 1 2 4 5 6 7 8 9 10 11 12 13 14 15 16 17 18 | 18.0
Dodging        | 4 5 6 8 9 11 12 14 15 16 17 18 19 21 22 23 | 23.0
Spellcasting   | 3 4 6 7 8 9 12 14 | 14.0
Short Blades   | 5 6 8 9 13 14 | 14.0
Bows           | 6 10 12 13 14 | 14.5
Translocations | 3 7 8 9 |  9.0
Evocations     | 2 8 10 | 10.0
Earth Magic    | 4 5 6 9 11 13 15 16 17 18 | 18.1
Conjurations   | 3 4 5 8 9 11 13 15 | 15.2
Armour         | 2 4 6 8 9 10 | 10.0
Charms         | 4 |  4.0

Action                   |  1- 3 |  4- 6 |  7- 9 | 10-12 | 13-15 | 16-18 | 19-21 | 22-24 | 25-27 || total
-------------------------+-------+-------+-------+-------+-------+-------+-------+-------+-------++-------
Melee: Dagger            |    50 |    91 |   157 |   145 |   628 |   504 |   113 |       |       ||  1688
       Short sword       |     7 |    15 |       |       |       |       |       |       |       ||    22
       Whip              |       |       |    41 |   331 |    52 |       |       |       |       ||   424
       Quick blade       |       |       |       |       |       |       |   641 |  1103 |   689 ||  2433
       Rapier            |       |       |       |       |       |       |       |   145 |   121 ||   266
       Kick              |       |       |       |       |       |       |       |       |    81 ||    81
       Headbutt          |       |       |       |       |       |       |       |       |    43 ||    43
 Fire: Shortbow          |       |       |       |       |    19 |   365 |  1016 |   568 |   171 ||  2139
       Blowgun           |       |       |       |       |       |       |       |     1 |       ||     1
Throw: Stone             |    10 |     2 |    11 |    21 |    56 |    18 |     7 |       |       ||   125
 Cast: Corona            |     4 |       |       |       |       |       |       |       |       ||     4
       Ensorcelled Hiber |    23 |    84 |    82 |   221 |   465 |   346 |   502 |   327 |    39 ||  2089
       Confuse           |       |     5 |    28 |    62 |   147 |   105 |   224 |   139 |    38 ||   748
       Dazzling Spray    |       |       |       |    29 |    20 |     3 |       |       |       ||    52
       Invisibility      |       |       |       |       |     6 |     7 |     1 |    23 |    30 ||    67
       Passage of Golubr |       |       |       |       |     5 |     4 |     7 |     6 |     1 ||    23
       Cause Fear        |       |       |       |       |     4 |     2 |       |       |       ||     6
       Tukima's Dance    |       |       |       |       |       |     3 |       |       |       ||     3
       Blink             |       |       |       |       |       |       |     6 |     3 |       ||     9
       Silence           |       |       |       |       |       |       |       |    27 |     3 ||    30
       Iron Shot         |       |       |       |       |       |       |       |    73 |   282 ||   355
       Portal Projectile |       |       |       |       |       |       |       |    14 |     9 ||    23
       Summon Butterflie |       |       |       |       |       |       |       |     7 |    20 ||    27
       Summon Mana Viper |       |       |       |       |       |       |       |     4 |   122 ||   126
       Lee's Rapid Decon |       |       |       |       |       |       |       |       |    11 ||    11
Invok: Shadow Step       |       |       |       |    12 |    16 |    18 |    22 |    24 |     8 ||   100
Evoke: Wand              |       |       |       |       |    10 |       |       |     4 |     4 ||    18
       Lightning rod     |       |       |       |       |     2 |       |       |       |       ||     2
       Sack of spiders   |       |       |       |       |       |       |       |       |     5 ||     5
       Box of beasts     |       |       |       |       |       |       |       |       |     2 ||     2
  Use: Scroll            |     2 |     5 |     4 |    14 |    19 |    11 |    10 |    16 |    17 ||    98
       Potion            |       |       |       |     3 |     2 |     2 |       |     6 |    29 ||    42
 Stab: Sleeping          |    26 |    53 |    73 |   131 |   263 |   223 |   316 |   253 |    61 ||  1399
       Distracted        |       |     1 |       |     1 |     4 |     3 |     3 |    10 |    19 ||    41
       Confused          |       |     3 |    19 |    65 |    74 |    47 |   133 |    71 |    29 ||   441
       Invisible         |       |       |       |     4 |    18 |    19 |     2 |    65 |   134 ||   242
  Eat: Ration            |       |     3 |     2 |     5 |    11 |     8 |    10 |    24 |    51 ||   114
Armor: Robe              |     6 |     7 |       |     3 |    47 |    42 |    49 |    40 |    73 ||   267
       Skin              |       |       |       |    24 |       |       |       |       |       ||    24
       Troll leather arm |       |       |       |       |     3 |       |       |       |       ||     3
       Acid dragon scale |       |       |       |       |       |       |       |    55 |     6 ||    61
Dodge: Dodged            |    38 |    76 |    71 |   279 |   676 |   594 |   943 |  1004 |   928 ||  4609
